[Event "ICCopen2017"]
[Site "Internet Chess Club"]
[Date "2017.03.19"]
[Round "8"]
[White "rjohnson812"]
[Black "Massada"]
[Result "0-1"]
[ICCResult "White forfeits on time"]
[WhiteElo "1395"]
[BlackElo "1485"]
[Opening "English opening"]
[ECO "A05"]
[NIC "QP.11"]
[Time "20:40:56"]
[TimeControl "180+0"]

1. Nf3 Nf6 2. c4 g6 3. b4 b6 4. Bb2 Bb7 5. e3 c5 6. bxc5 bxc5 7. Qb3 Qb6 8.
d4 d6 9. Be2 Bg7 10. Nbd2 Nbd7 11. Rb1 Ne4 12. Nxe4 Bxe4 13. Rc1 Rb8 14.
Qxb6 Rxb6 15. Bc3 cxd4 16. exd4 O-O 17. h4 Rfb8 18. O-O Ra6 19. Nd2 Rxa2 20.
Bg4 Bd3 21. Rfe1 Nf6 22. Be2 Bxe2 23. Rxe2 Ne4 24. Rxe4 Bh6 25. f4 f5 26.
Rxe7 Bxf4 27. Rd1 Rc2 28. Ba5 Rbb2 29. d5 Ra2 30. Rde1 Rxa5 31. Re8+ Kg7 32.
R1e7+ Kh6 {White forfeits on time} 0-1

[Event "ICCopen2017"]
[Site "Internet Chess Club"]
[Date "2017.03.19"]
[Round "9"]
[White "Trentosk"]
[Black "Darnoc"]
[Result "0-1"]
[ICCResult "White resigns"]
[WhiteElo "2549"]
[BlackElo "2936"]
[Opening "French: Tarrasch, open variation"]
[ECO "C07"]
[NIC "FR.18"]
[Time "20:48:56"]
[TimeControl "180+0"]

1. e4 e6 2. d4 d5 3. Nd2 c5 4. Ngf3 cxd4 5. Nxd4 Nf6 6. exd5 Nxd5 7. N2f3
Bb4+ 8. Bd2 O-O 9. Bd3 e5 10. Ne2 Nc6 11. O-O Bg4 12. Ng3 Bxd2 13. Qxd2 Bxf3
14. gxf3 Nf4 15. Rae1 Qh4 16. Be4 Qh3 {White resigns} 0-1

[Event "ICCopen2017"]
[Site "Internet Chess Club"]
[Date "2017.03.19"]
[Round "9"]
[White "zitvex"]
[Black "ramezsamir"]
[Result "0-1"]
[ICCResult "White resigns"]
[WhiteElo "1839"]
[BlackElo "1971"]
[Opening "French: Winawer, advance, poisoned pawn, Konstantinopolsky variation"]
[ECO "C18"]
[NIC "FR.11"]
[Time "20:48:33"]
[TimeControl "180+0"]

1. e4 e6 2. d4 d5 3. Nc3 Bb4 4. e5 c5 5. a3 Bxc3+ 6. bxc3 Ne7 7. Qg4 Qc7 8.
Qxg7 Rg8 9. Qxh7 cxd4 10. Ne2 Nbc6 11. f4 Bd7 12. Qd3 dxc3 13. Qxc3 O-O-O
14. Rb1 d4 15. Qd3 Nd5 16. Rg1 f6 17. exf6 Nxf6 18. g3 e5 19. fxe5 Nxe5 20.
Qb3 d3 21. cxd3 Nf3+ 22. Kf2 Ng4+ 23. Kxf3 Bc6+ {White resigns} 0-1

[Event "ICCopen2017"]
[Site "Internet Chess Club"]
[Date "2017.03.19"]
[Round "9"]
[White "angelyas"]
[Black "DaveyJones"]
[Result "0-1"]
[ICCResult "White checkmated"]
[WhiteElo "1333"]
[BlackElo "1505"]
[Opening "Van't Kruijs opening"]
[ECO "A00"]
[Time "20:49:07"]
[TimeControl "180+0"]

1. e3 e5 2. d4 exd4 3. exd4 Nf6 4. Nf3 Be7 5. Bc4 O-O 6. c3 h6 7. O-O d5 8.
Bb3 c6 9. h3 Nbd7 10. Bf4 Ne4 11. Nbd2 Ndf6 12. Be5 Bd6 13. Bxf6 Nxf6 14.
Ne5 Qc7 15. f4 Bf5 16. Bc2 Bxc2 17. Qxc2 Bxe5 18. fxe5 Nh7 19. Rae1 Rae8 20.
Nf3 Re6 21. Nh4 c5 22. Qd3 cxd4 23. cxd4 Qc4 24. Qa3 Qxd4+ 25. Kh1 Qxh4 26.
Qxa7 Ng5 27. Qxb7 Nxh3 28. gxh3 Qxh3+ 29. Kg1 Rg6+ 30. Kf2 Rg2#
{White checkmated}
0-1

[Event "ICCopen2017"]
[Site "Internet Chess Club"]
[Date "2017.03.19"]
[Round "9"]
[White "watchout"]
[Black "beaupre"]
[Result "0-1"]
[ICCResult "White checkmated"]
[WhiteElo "1425"]
[BlackElo "1767"]
[Opening "Sicilian: Hungarian variation"]
[ECO "B27"]
[NIC "SI.43"]
[Time "20:48:58"]
[TimeControl "180+0"]

1. e4 c5 2. Nf3 g6 3. c3 e5 4. d4 exd4 5. cxd4 cxd4 6. Nxd4 Bg7 7. Nc3 Nc6
8. Nxc6 bxc6 9. Be3 Ne7 10. Bc4 O-O 11. O-O Bb7 12. Bb3 d5 13. exd5 cxd5 14.
Bc5 Re8 15. Bxe7 Qxe7 16. Nxd5 Qg5 17. f3 Rad8 18. Rc1 Bxd5 19. Bxd5 Rxd5
20. Qc2 Rd2 21. Qb3 Qxg2# {White checkmated} 0-1

[Event "ICCopen2017"]
[Site "Internet Chess Club"]
[Date "2017.03.19"]
[Round "9"]
[White "jupiter26"]
[Black "Dabo"]
[Result "0-1"]
[ICCResult "White resigns"]
[WhiteElo "1720"]
[BlackElo "2003"]
[Opening "Queen's gambit accepted"]
[ECO "D20"]
[NIC "QG.03"]
[Time "20:48:23"]
[TimeControl "180+0"]

1. d4 d5 2. c4 dxc4 3. Nc3 a6 4. a4 e5 5. e3 exd4 6. exd4 Nc6 7. Nf3 Na5 8.
Ne5 Be6 9. d5 Qf6 10. Nxc4 Nxc4 11. Bxc4 Qe5+ 12. Be3 O-O-O 13. Qb3 Bg4 14.
O-O Nf6 15. f3 Qxe3+ 16. Kh1 Bf5 17. Rae1 Qh6 18. Bxa6 bxa6 19. Qc4 Nh5 20.
Qxa6+ Qxa6 {White resigns} 0-1

[Event "ICCopen2017"]
[Site "Internet Chess Club"]
[Date "2017.03.19"]
[Round "9"]
[White "icewoman"]
[Black "Oracle"]
[Result "0-1"]
[ICCResult "White checkmated"]
[WhiteElo "1070"]
[BlackElo "1378"]
[Opening "Queen's pawn game"]
[ECO "D02"]
[NIC "QP.08"]
[Time "20:48:21"]
[TimeControl "180+0"]

1. d4 d5 2. Nf3 Bf5 3. e3 Nf6 4. Bd3 Bg6 5. b3 e6 6. Kf1 Bb4 7. Bb2 Nbd7 8.
c3 Bxd3+ 9. Kg1 Be7 10. Qxd3 Ne4 11. Ne5 Nxe5 12. Qb5+ Nd7 13. Qxb7 O-O 14.
Qa6 Nb6 15. Qd3 a5 16. g3 Bf6 17. Nd2 Nxd2 18. Qxd2 g6 19. Kg2 e5 20. Rhf1
exd4 21. exd4 Re8 22. Rae1 Qd7 23. a3 Qd6 24. f4 Kf8 25. Qd1 a4 26. b4 Nc4
27. Qf3 Nd2 28. Rf2 Nxf3 29. Rxf3 Rxe1 30. g4 Re2+ 31. Kf1 Rxb2 32. Rh3
Qxf4+ 33. Ke1 Qf2+ 34. Kd1 Qd2# {White checkmated} 0-1

[Event "ICCopen2017"]
[Site "Internet Chess Club"]
[Date "2017.03.19"]
[Round "9"]
[White "fishmaster"]
[Black "chesscomet"]
[Result "1-0"]
[ICCResult "Black resigns"]
[WhiteElo "1774"]
[BlackElo "1486"]
[Opening "Pirc defense"]
[ECO "B07"]
[NIC "PU.08"]
[Time "20:48:33"]
[TimeControl "180+0"]

1. e4 d6 2. d4 Nf6 3. Bd3 c6 4. c3 e5 5. dxe5 dxe5 6. Nf3 Nbd7 7. O-O Be7 8.
Nbd2 O-O 9. Nc4 Qc7 10. a4 b5 11. axb5 cxb5 12. Ne3 a6 13. Nf5 Bd6 14. Nxd6
Qxd6 15. Qc2 Re8 16. Bxb5 Bb7 17. Rd1 Qc7 18. Ba4 Bxe4 19. Qe2 Red8 20. Bg5
Bxf3 21. Qxf3 h6 22. Bxd7 Rxd7 23. Qxa8+ Kh7 24. Bxf6 gxf6 25. Qe4+ Kg7 26.
Qg4+ {Black resigns} 1-0

[Event "ICCopen2017"]
[Site "Internet Chess Club"]
[Date "2017.03.19"]
[Round "9"]
[White "cap78red"]
[Black "jbow79"]
[Result "0-1"]
[ICCResult "White checkmated"]
[WhiteElo "1309"]
[BlackElo "963"]
[Opening "Clemenz (Mead's, Basman's or de Klerk's) opening"]
[ECO "A00"]
[Time "20:48:56"]
[TimeControl "180+0"]

1. h3 d5 2. g3 Nf6 3. f3 g6 4. e3 Bg7 5. d3 O-O 6. c3 c6 7. b3 Nbd7 8. a3
Qc7 9. h4 Qxg3+ 10. Ke2 Ne5 11. Rh3 Qxg1 12. Bg2 Qxd1+ 13. Kf2 Bxh3 14. Bh1
Qxc1 15. Ra2 Qxh1 16. Re2 Qg2+ 17. Ke1 Qf1+ 18. Kd2 Nxf3+ 19. Kc2 Qxe2+ 20.
Kc1 Qxe3+ 21. Kc2 Ne1+ 22. Kb2 Qxd3 23. Ka1 Nc2+ 24. Kb2 Ne4 25. Nd2 Bxc3+
26. Ka2 Qxd2 27. h5 Nb4+ 28. Kb1 Qb2# {White checkmated} 0-1

[Event "ICCopen2017"]
[Site "Internet Chess Club"]
[Date "2017.03.19"]
[Round "9"]
[White "Mormegil"]
[Black "blackjack721"]
[Result "1-0"]
[ICCResult "Black checkmated"]
[WhiteElo "1745"]
[BlackElo "1378"]
[Opening "Réti opening"]
[ECO "A09"]
[NIC "QP.09"]
[Time "20:49:19"]
[TimeControl "180+0"]

1. Nf3 d5 2. c4 Bf5 3. cxd5 Qxd5 4. Nc3 Qc5 5. d4 Qb6 6. e4 Bg6 7. Bd3 e6 8.
O-O Nc6 9. d5 exd5 10. exd5 Nce7 11. Qa4+ c6 12. dxc6 Nxc6 13. Nd5 Qd8 14.
Re1+ Ne7 15. Nxe7 Bxe7 16. Bxg6 hxg6 17. Bg5 f6 18. Rad1 Qc7 19. Bf4 Qb6 20.
Bd6 O-O-O 21. Bxe7 Rxd1 22. Qxd1 Nxe7 23. Rxe7 Qd6 24. Qxd6 Rd8 25. Qc7#
{Black checkmated}
1-0

[Event "ICCopen2017"]
[Site "Internet Chess Club"]
[Date "2017.03.19"]
[Round "9"]
[White "allmight"]
[Black "daskapitallesen"]
[Result "1-0"]
[ICCResult "Black checkmated"]
[WhiteElo "1902"]
[BlackElo "1823"]
[Opening "Nimzo-Indian: three knights variation"]
[ECO "E21"]
[NIC "NI.28"]
[Time "20:49:07"]
[TimeControl "180+0"]

1. d4 e6 2. c4 Nf6 3. Nc3 Bb4 4. Nf3 c5 5. g3 b6 6. Bg2 Bb7 7. O-O cxd4 8.
Qxd4 Nc6 9. Qf4 O-O 10. Rd1 Qb8 11. Qh4 Bxc3 12. bxc3 Na5 13. Bf4 Qc8 14.
Bd6 Re8 15. Ne5 Bxg2 16. Kxg2 Qb7+ 17. f3 Rac8 18. Rd4 Nc6 19. Rf4 Na5 20.
Rxf6 gxf6 21. Ng4 Kg7 22. Qxf6+ Kg8 23. Nh6# {Black checkmated} 1-0

[Event "ICCopen2017"]
[Site "Internet Chess Club"]
[Date "2017.03.19"]
[Round "9"]
[White "Trinity8"]
[Black "vsqk"]
[Result "1-0"]
[ICCResult "Black resigns"]
[WhiteElo "1551"]
[BlackElo "1781"]
[Opening "Sicilian: Labourdonnais-Löwenthal (Kalashnikov) variation"]
[ECO "B32"]
[NIC "SI.32"]
[Time "20:49:14"]
[TimeControl "180+0"]

1. e4 c5 2. Nf3 Nc6 3. d4 cxd4 4. Nxd4 e5 5. Nb5 d6 6. c4 Nf6 7. N1c3 a6 8.
Na3 Be7 9. Nc2 O-O 10. Be2 Be6 11. O-O b5 12. cxb5 axb5 13. Bxb5 Nb4 14.
Nxb4 d5 15. Nbxd5 Nxd5 16. exd5 Bf5 17. Bc6 Rb8 18. a4 Bc5 19. a5 Bd4 20. a6
Ba7 21. Be3 Bxe3 22. fxe3 Qb6 23. Rxf5 Qxe3+ 24. Kh1 Rxb2 25. Rf3 Qd4 26.
Qxd4 exd4 27. Ne4 f5 28. Nc5 g6 29. a7 Kg7 30. Ne6+ {Black resigns} 1-0

[Event "ICCopen2017"]
[Site "Internet Chess Club"]
[Date "2017.03.19"]
[Round "9"]
[White "jefferyx"]
[Black "Blitzyy"]
[Result "1-0"]
[ICCResult "Black resigns"]
[WhiteElo "2666"]
[BlackElo "2055"]
[Opening "Queen's pawn: London system"]
[ECO "A45"]
[NIC "QP.07"]
[Time "20:48:33"]
[TimeControl "180+0"]

1. d4 Nf6 2. Bf4 c5 3. d5 e6 4. Nc3 Nxd5 5. Nxd5 exd5 6. Qxd5 Nc6 7. c3 d6
8. O-O-O Be6 9. Qd2 Qa5 10. a3 Qa4 11. e3 Na5 12. Qd3 c4 13. Qc2 Qxc2+ 14.
Kxc2 Bf5+ 15. Kd2 d5 16. Nf3 Nb3+ 17. Ke1 Bc5 18. Rxd5 Be6 19. Bxc4
{Black resigns}
1-0

[Event "ICCopen2017"]
[Site "Internet Chess Club"]
[Date "2017.03.19"]
[Round "9"]
[White "KnightWalker"]
[Black "fernandomata"]
[Result "0-1"]
[ICCResult "White resigns"]
[WhiteElo "1408"]
[BlackElo "1800"]
[Opening "Ruy Lopez: exchange variation"]
[ECO "C68"]
[NIC "RL.08"]
[Time "20:48:56"]
[TimeControl "180+0"]

1. e4 e5 2. Nf3 Nc6 3. Bb5 a6 4. Bxc6 dxc6 5. h3 f6 6. O-O c5 7. Re1 Be6 8.
c3 c4 9. d4 cxd3 10. Be3 Qd7 11. Qd2 O-O-O 12. Rd1 g5 13. Ne1 h5 14. Qxd3
Bd6 15. Na3 h4 16. f3 Nh6 17. c4 Bxa3 18. bxa3 Qxd3 19. Rxd3 Bxc4 20. Rc3 b5
21. a4 Nf7 22. axb5 axb5 23. a4 c6 24. axb5 cxb5 25. Ra8+ Kd7 26. Ra7+ Ke6
27. Bc5 Nd6 28. Nc2 Ra8 29. Rca3 Rxa7 30. Rxa7 Rc8 31. Ne3 Rxc5 32. Nf5 Nxf5
33. exf5+ Kxf5 {White resigns} 0-1

[Event "ICCopen2017"]
[Site "Internet Chess Club"]
[Date "2017.03.19"]
[Round "9"]
[White "zelog"]
[Black "ALexiz"]
[Result "1-0"]
[ICCResult "Black resigns"]
[WhiteElo "2032"]
[BlackElo "1688"]
[Opening "English opening"]
[ECO "A20"]
[NIC "EO.13"]
[Time "20:48:38"]
[TimeControl "180+0"]

1. c4 e5 2. g3 Nc6 3. Bg2 Nf6 4. Nf3 g6 5. O-O Bg7 6. d3 O-O 7. Nc3 d6 8.
Rb1 a5 9. a3 Be6 10. b4 axb4 11. axb4 h6 12. b5 Ne7 13. Ne1 Rb8 14. Nc2 Qd7
15. Ne3 Bh3 16. Qb3 Kh8 17. Ncd5 Nexd5 18. Nxd5 Nxd5 19. cxd5 Bxg2 20. Kxg2
Qg4 21. f3 Qd7 22. e4 f5 23. Bd2 fxe4 24. dxe4 c6 25. bxc6 bxc6 26. Qxb8
Rxb8 27. Rxb8+ Kh7 28. dxc6 Qxc6 29. Rfb1 Qc2 30. R1b2 Qd1 31. Be3 g5 32. g4
Qd3 33. Kf2 d5 34. Rd2 Qc3 35. Rxd5 Qc2+ 36. Rd2 Qc3 37. Rb7 Kg6 38. Rd6+
Bf6 39. Rbb6 Qc2+ 40. Kg3 Qe2 41. Rxf6+ Kg7 42. Bf2 h5 43. gxh5 Qf1 44. Rfc6
Qd1 45. Rc7+ Kf8 46. Rb8+ {Black resigns} 1-0

[Event "ICCopen2017"]
[Site "Internet Chess Club"]
[Date "2017.03.19"]
[Round "9"]
[White "elshan-defence"]
[Black "GiantHulk"]
[Result "1-0"]
[ICCResult "Black resigns"]
[WhiteElo "2712"]
[BlackElo "2168"]
[Opening "Queen's pawn game, Darooha variation "]
[ECO "D02"]
[NIC "QP.08"]
[Time "20:48:23"]
[TimeControl "180+0"]

1. d4 d5 2. Nf3 Nf6 3. c4 c5 4. Nc3 cxd4 5. Nxd5 Nxd5 6. cxd5 Qxd5 7. Qxd4
Qxd4 8. Nxd4 e5 9. Nb5 Bb4+ 10. Bd2 Bxd2+ 11. Kxd2 Na6 12. e3 Ke7 13. Bc4
Rd8+ 14. Ke2 Be6 15. Bxe6 Kxe6 16. Rac1 Rd5 17. Nc3 Rd7 18. Rhd1 Rad8 19.
Rxd7 Rxd7 20. Ne4 f6 21. g4 b6 22. a3 Nc7 23. f3 Nb5 24. h4 h6 25. Rc6+ Ke7
26. g5 hxg5 27. hxg5 Nd6 28. gxf6+ gxf6 29. Nc3 Nb7 30. e4 Na5 31. Rc8 Kf7
32. Nb5 Nb3 33. Ra8 Ke7 34. Rxa7 Nd4+ 35. Nxd4 exd4 36. Rxd7+ Kxd7 37. Kd3
Kd6 38. Kxd4 Ke6 39. f4 {Black resigns} 1-0

[Event "ICCopen2017"]
[Site "Internet Chess Club"]
[Date "2017.03.19"]
[Round "9"]
[White "RobbieWilliams"]
[Black "kathmales"]
[Result "0-1"]
[ICCResult "White resigns"]
[WhiteElo "1862"]
[BlackElo "2283"]
[Opening "Queen's pawn: stonewall attack"]
[ECO "A45"]
[NIC "QP.07"]
[Time "20:50:00"]
[TimeControl "180+0"]

1. d4 Nf6 2. e3 d5 3. Bd3 c5 4. c3 Nc6 5. f4 g6 6. Nd2 Bg7 7. Ngf3 O-O 8.
O-O Qc7 9. Ne5 Nd7 10. Qf3 e6 11. g4 f6 12. Nxc6 bxc6 13. Bc2 Rb8 14. Nb3
cxd4 15. exd4 c5 16. Be3 c4 17. Nc5 Nxc5 18. dxc5 Rxb2 19. Ba4 Bb7 20. Qg3
d4 21. Bxd4 Rg2+ 22. Qxg2 Bxg2 23. Kxg2 Rb8 24. Rf2 Bf8 25. Bxf6 Bxc5 26.
Re2 Qxf4 27. Rf1 Qxg4+ {White resigns} 0-1

[Event "ICCopen2017"]
[Site "Internet Chess Club"]
[Date "2017.03.19"]
[Round "9"]
[White "glokoll"]
[Black "A4-H5"]
[Result "0-1"]
[ICCResult "White checkmated"]
[WhiteElo "1495"]
[BlackElo "1806"]
[Opening "Benko's opening"]
[ECO "A00"]
[NIC "VO.09"]
[Time "20:48:53"]
[TimeControl "180+0"]

1. g3 f5 2. Bg2 Nf6 3. c4 g6 4. Nc3 Bg7 5. d3 O-O 6. Nf3 d6 7. O-O Nc6 8. a3
e5 9. e3 h6 10. Re1 a5 11. Nd5 Nxd5 12. cxd5 Ne7 13. e4 fxe4 14. dxe4 Bg4
15. h3 Bd7 16. Be3 Qc8 17. Kh2 g5 18. g4 Ng6 19. Rc1 Nf4 20. Qd2 c6 21. b3
Qe8 22. a4 Qf7 23. Bb6 Nxg2 24. Nxg5 hxg5 25. Rf1 Nf4 26. f3 Qg6 27. Bxa5
Qh6 28. Rh1 Qxh3+ 29. Kg1 Qg3+ 30. Kf1 Qxf3+ 31. Kg1 Ne2+ 32. Kh2 Qg3#
{White checkmated}
0-1

[Event "ICCopen2017"]
[Site "Internet Chess Club"]
[Date "2017.03.19"]
[Round "9"]
[White "Cramagica"]
[Black "rjohnson812"]
[Result "0-1"]
[ICCResult "White checkmated"]
[WhiteElo "1124"]
[BlackElo "1401"]
[Opening "English opening"]
[ECO "A13"]
[NIC "EO.64"]
[Time "20:48:31"]
[TimeControl "180+0"]

1. c4 e6 2. Nc3 d5 3. g3 c6 4. Bg2 f5 5. d4 Nf6 6. Bf4 Bd6 7. Bxd6 Qxd6 8.
c5 Qc7 9. Nf3 O-O 10. Ne5 Nbd7 11. Nxd7 Bxd7 12. O-O Rae8 13. f4 Ne4 14.
Nxe4 fxe4 15. e3 g6 16. b4 a6 17. a4 Bc8 18. a5 Qg7 19. Bh3 Rf7 20. Qe2 Ref8
21. g4 h6 22. Rab1 g5 23. f5 exf5 24. gxf5 Bxf5 25. Bxf5 Rxf5 26. Rxf5 Rxf5
27. Rf1 Qf6 28. Qg2 Rxf1+ 29. Qxf1 Qxf1+ 30. Kxf1 h5 31. Kg2 Kg7 32. h3 Kf6
33. Kg3 Kf5 34. Kf2 h4 35. Kg2 g4 36. hxg4+ Kxg4 37. Kh2 Kf3 38. Kh3 Kxe3
39. Kxh4 Kd2 40. Kg3 e3 41. Kg2 e2 42. Kf2 e1=Q+ 43. Kg2 Qe4+ 44. Kh2 Qg4
45. Kh1 Ke2 46. Kh2 Kf2 47. Kh1 Qh3# {White checkmated} 0-1

[Event "ICCopen2017"]
[Site "Internet Chess Club"]
[Date "2017.03.19"]
[Round "9"]
[White "rovov"]
[Black "rotyi59"]
[Result "1-0"]
[ICCResult "Black resigns"]
[WhiteElo "1778"]
[BlackElo "1513"]
[Opening "Réti opening"]
[ECO "A04"]
[NIC "QP.11"]
[Time "20:49:37"]
[TimeControl "180+0"]

1. Nf3 g6 2. c4 Bg7 3. Nc3 d6 4. g3 e5 5. d3 Ne7 6. Bg2 O-O 7. O-O f5 8. Rb1
Be6 9. Ng5 Qc8 10. Nxe6 Qxe6 11. Bxb7 Nbc6 12. Bxa8 Rxa8 13. b4 e4 14. Qb3
Nd4 15. Qd1 Ndc6 16. Bd2 d5 17. cxd5 Nxd5 18. Nxd5 Qxd5 19. dxe4 Qxe4 20.
Rc1 Nd4 21. Be3 Ne6 22. Qb3 Kh8 23. Rfd1 Re8 24. Qc4 Qe5 25. Qc6 f4 26.
Qxe8+ {Black resigns} 1-0

[Event "ICCopen2017"]
[Site "Internet Chess Club"]
[Date "2017.03.19"]
[Round "9"]
[White "Bozhenka"]
[Black "manusupergm2001"]
[Result "1-0"]
[ICCResult "Black checkmated"]
[WhiteElo "2853"]
[BlackElo "2177"]
[Opening "Réti opening"]
[ECO "A30"]
[NIC "QP.10"]
[Time "20:50:11"]
[TimeControl "180+0"]

1. Nf3 c5 2. c4 Nc6 3. d4 cxd4 4. Nxd4 e5 5. Nb5 d6 6. g3 a6 7. N5c3 Nf6 8.
Bg2 Be7 9. O-O O-O 10. b3 Be6 11. Nd5 Rc8 12. Nbc3 Bxd5 13. Nxd5 Nxd5 14.
Qxd5 Qb6 15. Be3 Qc7 16. Rfd1 Rfd8 17. Rac1 g6 18. h4 Kg7 19. h5 f5 20. h6+
Kf6 21. a3 Bf8 22. Qd2 Be7 23. Bd5 f4 24. gxf4 Qd7 25. fxe5+ Nxe5 26. Bg5+
Kf5 27. Qf4# {Black checkmated} 1-0

[Event "ICCopen2017"]
[Site "Internet Chess Club"]
[Date "2017.03.19"]
[Round "9"]
[White "niftyleopard"]
[Black "tonychess2014"]
[Result "0-1"]
[ICCResult "White resigns"]
[WhiteElo "1253"]
[BlackElo "1811"]
[Opening "Pirc: classical (two knights) system"]
[ECO "B08"]
[NIC "PU.10"]
[Time "20:49:04"]
[TimeControl "180+0"]

1. e4 d6 2. d4 Nf6 3. Nc3 g6 4. Nf3 Bg7 5. Bg5 O-O 6. Bc4 c5 7. dxc5 Qa5 8.
cxd6 Nxe4 9. dxe7 Re8 10. Qd8 Bxc3+ 11. bxc3 Qxc3+ 12. Ke2 Qxc4+ 13. Ke3 Bd7
14. Rad1 Nxg5 15. Nxg5 Qc5+ 16. Kf3 Qf5+ 17. Ke2 Qxg5 18. Rxd7 Qg4+ 19. f3
Qxd7 {White resigns} 0-1

[Event "ICCopen2017"]
[Site "Internet Chess Club"]
[Date "2017.03.19"]
[Round "9"]
[White "SPARNALIQ"]
[Black "Colombiano07"]
[Result "1-0"]
[ICCResult "Black resigns"]
[WhiteElo "2918"]
[BlackElo "2015"]
[Opening "Queen's pawn game"]
[ECO "D02"]
[NIC "QP.08"]
[Time "20:51:06"]
[TimeControl "180+0"]

1. d4 d5 2. Nf3 Bf5 3. c4 e6 4. Nc3 c6 5. Qb3 Qb6 6. c5 Qc7 7. Bf4 Qc8 8.
Nh4 Bg4 9. h3 Bh5 10. g4 Be7 11. Bg2 Bxh4 12. gxh5 h6 13. O-O Bd8 14. e4 Nf6
15. exd5 exd5 16. Rae1+ Be7 17. Bd6 Ng8 18. Bxd5 cxd5 19. Nxd5 Nc6 20. Nxe7
Ngxe7 21. d5 Kd8 22. dxc6 Nxc6 23. Qxf7 Qd7 24. Qg6 Re8 25. Rxe8+ Qxe8 26.
Qxg7 Qd7 27. Qxh6 {Black resigns} 1-0

[Event "ICCopen2017"]
[Site "Internet Chess Club"]
[Date "2017.03.19"]
[Round "9"]
[White "devotional"]
[Black "Barbos"]
[Result "0-1"]
[ICCResult "White forfeits on time"]
[WhiteElo "2083"]
[BlackElo "2488"]
[Opening "Van't Kruijs opening"]
[ECO "A00"]
[Time "20:48:33"]
[TimeControl "180+0"]

1. e3 d5 2. Nf3 Nf6 3. b3 g6 4. Bb2 Bg7 5. Be2 O-O 6. O-O c5 7. c4 Nc6 8.
Qc2 d4 9. exd4 cxd4 10. a3 a5 11. h3 e5 12. d3 Re8 13. Nbd2 Bf5 14. Nh4 Be6
15. g4 Nxg4 16. Bxg4 Bxg4 17. hxg4 Qxh4 18. Qd1 e4 19. Nxe4 Ne5 20. f4 Nxg4
21. Qd2 f5 22. Ng5 Re3 23. Rf3 Rae8 24. Raf1 Re2 25. Qxe2 Rxe2 26. Rh3 Qxh3
27. Nxh3 Rxb2 28. Re1 Ne3 {White forfeits on time} 0-1

[Event "ICCopen2017"]
[Site "Internet Chess Club"]
[Date "2017.03.19"]
[Round "9"]
[White "RebelJohnny"]
[Black "ibarra"]
[Result "0-1"]
[ICCResult "White resigns"]
[WhiteElo "2053"]
[BlackElo "2714"]
[Opening "Bird's opening"]
[ECO "A03"]
[NIC "VO.07"]
[Time "20:49:07"]
[TimeControl "180+0"]

1. f4 d5 2. Nf3 g6 3. e3 Bg7 4. d4 Nf6 5. b4 O-O 6. Bd3 b6 7. O-O c5 8. bxc5
bxc5 9. c3 Ba6 10. Bxa6 Nxa6 11. Qa4 Qb6 12. Nbd2 Rac8 13. Ba3 Qc6 14. Qxc6
Rxc6 15. Ne5 Rc7 16. Rab1 Rfc8 17. Rfc1 e6 18. Nb3 Ne4 19. Nxc5 Naxc5 20.
dxc5 Nxc5 21. Bxc5 Rxc5 22. Rb3 Bxe5 23. fxe5 Rc4 24. Kf2 R8c7 25. Ke2 Re4
26. Rcb1 Rxe5 27. Kd3 Re4 28. Rb7 Rxb7 29. Rxb7 Ra4 30. Rb2 Kg7 31. Rc2 Kf6
32. Ke2 Ke5 33. Kf3 h5 34. Rb2 Ra3 35. Rb7 f5 36. Rg7 Kf6 37. Rc7 Rxa2 38.
c4 dxc4 39. Rxc4 g5 40. g3 g4+ {White resigns} 0-1

[Event "ICCopen2017"]
[Site "Internet Chess Club"]
[Date "2017.03.19"]
[Round "9"]
[White "GmGolden1"]
[Black "Guinicapo"]
[Result "1/2-1/2"]
[ICCResult "Game drawn by repetition"]
[WhiteElo "1575"]
[BlackElo "1929"]
[Opening "Sicilian: Najdorf, 6.Bg5"]
[ECO "B94"]
[NIC "SI.04"]
[Time "20:48:56"]
[TimeControl "180+0"]

1. e4 c5 2. Nf3 d6 3. d4 cxd4 4. Nxd4 Nf6 5. Nc3 a6 6. Bg5 e5 7. Nf5 Bxf5 8.
exf5 Be7 9. Bxf6 Bxf6 10. Bc4 O-O 11. Nd5 Nd7 12. Bb3 Nc5 13. Qf3 e4 14. Qg3
Bxb2 15. Rd1 Be5 16. Qg4 Qa5+ 17. Kf1 Nxb3 18. axb3 f6 19. Qh5 Qb5+ 20. c4
Qb4 21. Ne7+ Kh8 22. Ng6+ Kg8 23. Ne7+ Kh8 24. Ng6+ Kg8 25. Ne7+ Kh8 26.
Ng6+ Kg8 {Game drawn by repetition} 1/2-1/2

[Event "ICCopen2017"]
[Site "Internet Chess Club"]
[Date "2017.03.19"]
[Round "9"]
[White "Sc6"]
[Black "Jude"]
[Result "0-1"]
[ICCResult "White checkmated"]
[WhiteElo "1612"]
[BlackElo "1936"]
[Opening "Sicilian: Najdorf, Lipnitzky attack"]
[ECO "B86"]
[NIC "SI.13"]
[Time "20:48:22"]
[TimeControl "180+0"]

1. e4 c5 2. Nf3 d6 3. d4 cxd4 4. Nxd4 Nf6 5. Nc3 a6 6. Bc4 e6 7. f3 b5 8.
Bb3 Qc7 9. Be3 Nc6 10. Qd2 Nxd4 11. Bxd4 Be7 12. O-O-O Bb7 13. Kb1 O-O 14.
g4 Nd7 15. h4 Ne5 16. Bxe5 dxe5 17. h5 Rfd8 18. Qg2 Rxd1+ 19. Nxd1 a5 20. c3
a4 21. Bc2 b4 22. g5 a3 23. b3 bxc3 24. g6 fxg6 25. hxg6 h6 26. Ne3 Bg5 27.
Ng4 Rd8 28. Qh2 Rd2 29. Qxe5 Qd7 30. f4 Rxc2 31. Qb8+ Bc8 32. Ne5 Rb2+ 33.
Ka1 Qd8 34. fxg5 c2 35. Rc1 Rb1+ 36. Rxb1 cxb1=Q+ 37. Kxb1 Qd1#
{White checkmated}
0-1

[Event "ICCopen2017"]
[Site "Internet Chess Club"]
[Date "2017.03.19"]
[Round "9"]
[White "ontheprowl"]
[Black "Osinger"]
[Result "1-0"]
[ICCResult "Black checkmated"]
[WhiteElo "1606"]
[BlackElo "1611"]
[Opening "Sicilian: Alapin's variation (2.c3)"]
[ECO "B22"]
[NIC "SI.46"]
[Time "20:48:54"]
[TimeControl "180+0"]

1. e4 c5 2. c3 e6 3. d4 a6 4. Nf3 b5 5. Be3 c4 6. b3 Bb7 7. bxc4 Bxe4 8.
cxb5 axb5 9. Bxb5 Nf6 10. Nbd2 Bb7 11. O-O Nc6 12. Rb1 Bd6 13. Qc2 O-O 14.
Bg5 h6 15. Bh4 Bf4 16. Ne4 Na5 17. Nxf6+ gxf6 18. Qe2 Bg5 19. Nxg5 hxg5 20.
Bg3 Rc8 21. Rbc1 Qb6 22. Bd3 Qc6 23. f4 Kg7 24. fxg5 fxg5 25. Rf2 f5 26. h4
gxh4 27. Be5+ Kf7 28. Qh5+ Ke7 29. Qxh4+ Ke8 30. Be2 d6 31. Bf3 Qd7 32. Bh5+
Qf7 33. Bxf7+ Rxf7 34. Bxd6 Nc4 35. Be5 Nxe5 36. dxe5 Rc4 37. Qxc4 Bd5 38.
Qb5+ Kf8 39. c4 Be4 40. c5 Kg7 41. c6 Kg6 42. c7 Rxc7 43. Rxc7 f4 44. Qe8+
Kf5 45. Rc5 Bd5 46. Qf7+ Ke4 47. Qxf4+ Kd3 48. Ra5 Bb3 49. Ra3 Kc3 50. Rxb3#
{Black checkmated}
1-0

[Event "ICCopen2017"]
[Site "Internet Chess Club"]
[Date "2017.03.19"]
[Round "9"]
[White "turolo"]
[Black "refid"]
[Result "0-1"]
[ICCResult "White resigns"]
[WhiteElo "1855"]
[BlackElo "1836"]
[Opening "Queen's pawn: London system"]
[ECO "A45"]
[NIC "QP.07"]
[Time "20:48:25"]
[TimeControl "180+0"]

1. d4 Nf6 2. Bf4 d5 3. e3 c5 4. c3 Nc6 5. Nf3 Qb6 6. Qb3 c4 7. Qxb6 axb6 8.
Nbd2 b5 9. a3 b4 10. Ne5 bxc3 11. bxc3 Bf5 12. Nxc6 bxc6 13. Be2 e6 14. O-O
Be7 15. a4 O-O 16. a5 Ra6 17. f3 h6 18. Bd1 Rfa8 19. g4 Bd3 20. Re1 Rxa5 21.
Rxa5 Rxa5 22. e4 Ra1 23. Kf2 dxe4 24. Be5 e3+ 25. Kxe3 Nd5+ 26. Kf2 Bh4+ 27.
Bg3 Bxg3+ 28. hxg3 Nxc3 29. Nxc4 Nxd1+ 30. Kg1 Bxc4 {White resigns} 0-1